 Dungeon Crawl Stone Soup version 0.17-a0-18-gc25b939 (console) character file.

8586 MrRokkomies the Carver (level 11, -6/80 (81) HPs)
             Began as a High Elf Warper on Mar 6, 2015.
             Was a High Priest of Makhleb.
             Mangled by a spiny frog (21 damage)
             ... on level 2 of the Lair of Beasts.
             The game lasted 00:55:05 (11362 turns).

MrRokkomies the Carver (High Elf Warper)           Turns: 11362, Time: 00:55:05

HP:   -6/80 (81)    AC:  9    Str: 12      XL:     11   Next: 11%
MP:   24/24         EV: 17    Int: 15 (19) God:    Makhleb [*****.]
Gold: 498           SH:  0    Dex: 19      Spells: 4 memorised, 6 levels left

rFire  . . .     SeeInvis .     a - +2 scimitar (slice)
rCold  . . .     Clarity  .     s - +0 leather armour
rNeg   . . .     SustAb   .     (no shield)
rPois  .         Gourm    .     z - +2 helmet
rElec  .         Spirit   .     (no cloak)
rCorr  .         Warding  .     y - +1 pair of gloves
rMut   .         Stasis   .     D - +0 pair of boots
MR     +....                    (no amulet)
Stlth  +.........               u - +4 ring of dexterity
                                (no ring)

@: confused, lethally poisoned (-6 -> -15), glowing, somewhat resistant to
hostile enchantments, very unstealthy
A: no striking features
a: Minor Destruction, Lesser Servant of Makhleb, Major Destruction, Greater
Servant of Makhleb, Renounce Religion


You were on level 2 of the Lair of Beasts.
You worshipped Makhleb.
Makhleb was extremely pleased with you.
You were not hungry.

You visited 2 branches of the dungeon, and saw 11 of its levels.

You collected 498 gold pieces.

Inventory:

Hand weapons
 a - a +2 scimitar of slicing (weapon)
 b - a +2 shortbow of flaming
 x - a +1 falchion of holy wrath
 F - a +2 hand axe of flaming
 I - a +1 blowgun
Missiles
 e - 5 tomahawks of dispersal (quivered)
 g - 45 poisoned needles
 G - 62 arrows
Armour
 s - a +0 leather armour (worn)
 y - a +1 pair of gloves (worn)
 z - a +2 helmet (worn)
 D - a +0 pair of boots (worn)
Jewellery
 i - an uncursed ring of teleportation
 q - an uncursed amulet of resist mutation
 u - a +4 ring of dexterity (right hand)
Magical devices
 t - a wand of magic darts (23)
 E - a wand of magic darts (35)
 H - a wand of polymorph (8)
 J - a wand of disintegration (4)
 L - a wand of slowing (15)
 R - a wand of paralysis (8)
Scrolls
 c - 2 scrolls of magic mapping
 d - a scroll of remove curse
 m - a scroll of enchant weapon
 p - a scroll of teleportation
 B - 2 scrolls of fear
 K - 2 scrolls of recharging
Potions
 j - a potion of magic
 k - a potion of resistance
 n - 2 potions of haste
 o - a potion of mutation
 M - a potion of restore abilities {unknown}
 N - a potion of brilliance {unknown}
 P - a potion of might {unknown}
Books
 l - a book of Callings

   Spells                             Type                      Level
   a - Summon Small Mammal            Summoning                    1
   b - Call Imp                       Summoning                    2
   c - Call Canine Familiar           Summoning                    3
   d - Summon Guardian Golem          Hexes/Summoning              4
   e - Summon Lightning Spire         Summoning/Air                4
   f - Summon Ice Beast               Ice/Summoning                4
 v - a Grand Grimoire {highlevel, unknown}

   This book is beyond your current level of understanding.

   Spells                             Type                      Level
   a - Aura of Abjuration             Summoning                    6
   b - Summon Greater Demon           Summoning                    7
   c - Malign Gateway                 Summoning/Translocation      7
   d - Summon Horrible Things         Summoning                    8
Miscellaneous
 h - a legendary deck of changes
Comestibles
 f - 6 bread rations
 r - 8 slices of pizza
 w - 6 meat rations
 C - a chunk of flesh
 O - 15 fruits
 Q - a beef jerky


   Skills:
 - Level 10.0 Fighting
 - Level 12.0 Long Blades
 * Level 9.0 Bows
 - Level 1.1 Throwing
 - Level 0.8 Armour
 - Level 7.0 Dodging
 - Level 2.4 Spellcasting
 - Level 3.2 Translocations
 * Level 6.3 Invocations


You had 6 spell levels left.
You knew the following spells:

 Your Spells              Type           Power        Failure   Level  Hunger
a - Apportation           Tloc           ##........   10%         1    #......
b - Blink                 Tloc           N/A          14%         2    ###....
c - Shroud of Golubria    Chrm/Tloc      #.........   24%         2    ###....
d - Portal Projectile     Tloc           ##....       24%         3    ###....


Dungeon Overview and Level Annotations

Branches:
Dungeon (9/15)             Temple (0/1) D:6            Lair (2/8) D:8
    Orc (0/4) D:9

Altars:
Fedhas
Gozag
Makhleb
Okawaru
Ru
Sif Muna
Yredelemnul
Zin
The Shining One

Annotations:
D:6 Blork the orc; haldagan's ghost, experienced FoFi
Lair:2 Tangento's ghost, powerful SpEn


Message History

The spiny frog misses you. The spiny frog stings you!!
* * * LOW HITPOINT WARNING * * *
You are lethally poisoned!
The spiny frog poisons you!
* * * LOW HITPOINT WARNING * * *
You feel sick.
* * * LOW HITPOINT WARNING * * *
You feel sick.
* * * LOW HITPOINT WARNING * * *
You feel sick. The spiny frog completely misses you.
* * * LOW HITPOINT WARNING * * *
You feel sick. Tangento's ghost casts a spell at you.
You are outlined in light.
Drink which item? (? for menu, Esc to quit)
You are confused.
You feel invigorated.
You feel sick. The spiny frog misses you.
You feel sick. The spiny frog stings you!!
You die...

#.#P...#....P.###...#............
....................#.....#......
..........................#......
..#P..#...................#......
..............#.##........#......
..#........#.## #P...†..###..##P.
..'......#...# #..........†.####
..#......#.### ##...........#
.........P.P#### #...........#
.'.........##.###...........# )
#......P.$...F@............#.
..###...P......W..............###
...(...............(.........#.#.
..........#P..#.'###...#.P#......
###................#......#.P..#.
#####...#...............#......
#...P.##.##.##...+..#......
##................#.........
#.##........>.........##..P+#..
.#..P....##....P###......P.....
..........###..### P......PP#.#.


You could see a spiny frog and Tangento's ghost.

Vanquished Creatures
  A hydra (D:8)
  2 spiny frogs
  A komodo dragon (Lair:2)
  A wandering mushroom (D:8)
  10 yaks
  Eustachio (D:6)
  A hungry ghost (D:7)
  A hippogriff (Lair:2)
  A steam dragon (D:8)
  4 porcupines (Lair:2)
  2 phantoms
  An orc warrior (D:8)
  5 water moccasins
  An ice beast (D:5)
  A sky beast (D:5)
  3 ogres
  A necrophage (D:8)
  4 centaurs
  4 crocodiles
  A brain worm (D:7)
  3 big kobolds (D:8)
  7 giant frogs
  A scorpion (D:5)
  3 electric eels
  8 killer bees (D:7)
  3 crimson imps
  A giant frog zombie (D:7)
  2 centaur skeletons
  4 iguanas
  7 orc priests
  4 hounds
  A jelly (D:7)
  5 orc wizards
  2 worker ants
  2 sheep (D:8)
  Ijyb (D:2)
  2 hound skeletons
  A worker ant zombie (D:8)
  12 adders
  5 gnolls
  3 worms
  2 giant mites
  2 shadow imps
  2 adder zombies
  An adder skeleton (D:7)
  4 giant geckos
  2 oozes
  35 orcs
  A bat skeleton (D:7)
  22 hobgoblins
  17 jackals
  10 bats
  4 giant cockroaches
  9 giant newts
  A giant spore (D:9)
  12 goblins
  A jackal zombie (D:6)
  14 kobolds
  7 quokkas
  16 rats
  A ballistomycete (D:9)
  3 fungi
289 creatures vanquished.

Vanquished Creatures (others)
  A bat (D:6)
  A fungus (D:8)
2 creatures vanquished.

Grand Total: 291 creatures vanquished

Notes
Turn   | Place    | Note
--------------------------------------------------------------
     0 | D:1      | MrRokkomies, the High Elf Warper, began the quest for the Orb.
     0 | D:1      | Reached XP level 1. HP: 14/14 MP: 4/4
   522 | D:1      | Reached XP level 2. HP: 16/19 MP: 6/6
   527 | D:1      | Learned a level 2 spell: Blink
   530 | D:1      | Learned a level 2 spell: Shroud of Golubria
   780 | D:1      | Reached skill level 4 in Fighting
   780 | D:1      | Reached skill level 7 in Long Blades
   780 | D:1      | Reached XP level 3. HP: 17/27 MP: 8/8
  1251 | D:1      | Reached XP level 4. HP: 30/34 MP: 11/11
  1922 | D:2      | Noticed Ijyb
  1949 | D:2      | Killed Ijyb
  1949 | D:2      | Reached XP level 5. HP: 25/38 MP: 9/12
  2313 | D:3      | Reached skill level 8 in Long Blades
  3062 | D:3      | Reached XP level 6. HP: 33/45 MP: 15/15
  3098 | D:3      | Found a burning altar of Makhleb.
  3106 | D:3      | Became a worshipper of Makhleb the Destroyer
  3188 | D:3      | Reached skill level 5 in Fighting
  3591 | D:4      | Acquired Makhleb's first power
  3666 | D:4      | Learned a level 3 spell: Portal Projectile
  3866 | D:4      | Found an iron altar of Okawaru.
  4050 | D:4      | Reached XP level 7. HP: 38/51 MP: 17/17
  4092 | D:4      | Got a distressingly furry leather armour
  4133 | D:4      | Reached skill level 9 in Long Blades
  4394 | D:4      | Acquired Makhleb's second power
  4845 | D:5      | Entered Level 5 of the Dungeon
  5172 | D:5      | Found an opulent altar of Gozag.
  5230 | D:5      | Found a blossoming altar of Fedhas.
  5345 | D:5      | Identified the cursed -3 leather armour "Hown" {Str+3} (You found it on level 4 of the Dungeon)
  5681 | D:5      | Reached XP level 8. HP: 27/58 MP: 18/18
  5871 | D:6      | Noticed Eustachio
  5895 | D:6      | Found an opulent altar of Gozag.
  5902 | D:6      | Killed Eustachio
  5902 | D:6      | Reached skill level 10 in Long Blades
  5906 | D:6      | Noticed Blork the orc
  5944 | D:6      | Acquired Makhleb's third power
  5947 | D:6      | Noticed haldagan's ghost (experienced FoFi)
  6208 | D:6      | Found a staircase to the Ecumenical Temple.
  6738 | D:7      | Found a sacrificial altar of Ru.
  7218 | D:7      | Reached XP level 9. HP: 58/66 MP: 17/20
  7515 | D:7      | Reached skill level 11 in Long Blades
  7634 | D:7      | Found a glowing silver altar of Zin.
  7841 | D:7      | Acquired Makhleb's fourth power
  8253 | D:8      | Found a glowing golden altar of the Shining One.
  8254 | D:8      | Noticed an angel
  8265 | D:8      | Found a basalt altar of Yredelemnul.
  8266 | D:8      | Noticed a profane servitor
  8459 | D:8      | Found a staircase to the Lair.
  8536 | D:8      | Found a deep blue altar of Sif Muna.
  8691 | D:8      | Reached skill level 12 in Long Blades
  8707 | D:8      | Reached skill level 1 in Bows
  8955 | D:8      | Noticed a three-headed hydra
  8972 | D:8      | Killed a one-headed hydra
  8972 | D:8      | Reached XP level 10. HP: 70/75 MP: 19/21
  9306 | D:8      | Reached skill level 10 in Fighting
  9443 | D:9      | Noticed a hill giant
  9455 | D:9      | Found a staircase to the Orcish Mines.
  9496 | D:8      | Reached skill level 5 in Bows
  9496 | D:8      | Reached skill level 1 in Invocations
  9531 | Lair:1   | Entered Level 1 of the Lair of Beasts
  9860 | Lair:1   | Acquired Makhleb's fifth power
 10869 | Lair:2   | Reached skill level 5 in Invocations
 10977 | Lair:2   | Noticed Tangento's ghost (powerful SpEn)
 11101 | Lair:2   | Reached XP level 11. HP: 80/80 MP: 23/23
 11362 | Lair:2   | Mangled by a spiny frog

Action                   |  1- 3 |  4- 6 |  7- 9 | 10-12 || total
-------------------------+-------+-------+-------+-------++-------
Melee: Falchion          |    97 |   200 |     7 |       ||   304
       Long sword        |       |   189 |   327 |       ||   516
       Unarmed           |       |       |     5 |       ||     5
       Scimitar          |       |       |    42 |   222 ||   264
       Hand axe          |       |       |     7 |       ||     7
 Fire: Blowgun           |       |       |    96 |     1 ||    97
       Shortbow          |       |       |    11 |    90 ||   101
Throw: Tomahawk          |       |     3 |    17 |       ||    20
       Stone             |       |       |     5 |     1 ||     6
 Cast: Shroud of Golubri |     2 |    24 |    18 |     6 ||    50
       Blink             |       |     1 |     2 |     5 ||     8
       Apportation       |       |       |     3 |       ||     3
Evoke: Wand              |       |       |     1 |       ||     1
  Use: Scroll            |     2 |     7 |    12 |     4 ||    25
       Potion            |     2 |       |     3 |     2 ||     7
 Stab: Sleeping          |       |     1 |     4 |       ||     5
       Invisible         |       |       |     3 |       ||     3
       Distracted        |       |       |     1 |       ||     1
  Eat: Chunk             |     1 |    11 |    17 |     9 ||    38
       Beef jerky        |       |       |     1 |       ||     1
